 Dungeon Crawl Stone Soup version 0.26-a0-651-gb41185065b (webtiles) character file.

Game seed: 822606960166107193

8751 Ozzies the Covert (level 11, -1/52 HPs)
             Began as a Spriggan Enchanter on Oct 9, 2020.
             Was an Elder of Dithmenos.
             Succumbed to a redback's poison
             ... on level 9 of the Dungeon.
             The game lasted 00:37:01 (15874 turns).

Ozzies the Covert (Spriggan Enchanter)             Turns: 15874, Time: 00:37:01

Health: -1/52      AC:  8    Str: 11    XL:     11   Next: 14%
Magic:  11/18      EV: 23    Int: 13    God:    Dithmenos [****..]
Gold:   527        SH:  8    Dex: 15    Spells: 12/18 levels left

rFire    + . .     SeeInvis +   a - +1 dagger (freeze)
rCold    + + +     Faith    .   i - +1 buckler {AC+3}
rNeg     + . .     Spirit   .   w - +1 robe "Naikac" {+Fly rC+} (curse)
rPois    +         Reflect  .   t - +0 hat
rElec    +         Harm     .   d - +1 cloak
rCorr    +         Rampage  .   (gloves unavailable)
MR       ++...                  (boots unavailable)
Stlth    ++++++++..             m - amulet of the acrobat
HPRegen  0.17/turn              K - ring "Bikh" {rC+ rN+ Str+4 Int-4 Dex-2} (curse)
MPRegen  0.16/turn              r - ring of protection from magic

@: lethally poisoned (-1 -> -30), resistant, wreathed by umbra, studying Maces &
Flails, very quick
A: very small, unfitting armour, see invisible, speed 3
a: Shadow Step, Renounce Religion, Evoke Flight


You were on level 9 of the Dungeon.
You worshipped Dithmenos.
Dithmenos was greatly pleased with you.
You visited 2 branches of the dungeon, and saw 10 of its levels.
You also visited: Sewer.

You collected 527 gold pieces.

Inventory:

Hand Weapons
 a - a +1 dagger of freezing (weapon)
 n - a +0 dagger of protection
 I - a +2 falchion of venom
Missiles
 h - 124 sling bullets
 o - 221 stones (quivered)
 D - a throwing net {!f}
Armour
 d - a +1 cloak (worn)
 i - a +1 buckler of protection (worn)
 s - +0 acid dragon scales
 t - a +0 hat (worn)
 w - the cursed +1 robe "Naikac" (worn) {+Fly rC+}
   (You found it on level 5 of the Dungeon)

   It protects you from cold.
   It lets you fly.
   It has a curse placed upon it.
Jewellery
 e - an uncursed amulet of magic regeneration
 k - an uncursed ring of ice
 m - an amulet of the acrobat (around neck)
 r - a ring of protection from magic (right hand)
 K - the cursed ring "Bikh" (left hand) {rC+ rN+ Str+4 Int-4 Dex-2}
   (You found it on level 9 of the Dungeon)

   [ring of intelligence]

   It affects your strength (+4).
   It affects your intelligence (-4).
   It affects your dexterity (-2).
   It protects you from cold.
   It protects you from negative energy.
   It has a curse placed upon it.
Wands
 z - a wand of random effects (2)
Scrolls
 b - 3 scrolls of fear
 l - a scroll of immolation
 y - 3 scrolls of fog {!r}
 B - 7 scrolls of teleportation {@r3 !r}
 C - 2 scrolls of acquirement {unknown}
 E - 2 scrolls of magic mapping {unknown}
 F - a scroll of random uselessness {unknown}
 G - 2 scrolls of remove curse {@r2}
 H - a scroll of enchant armour {unknown}
 J - a scroll of identify {@r1}
Potions
 f - 5 potions of brilliance
 g - 5 potions of flight
 j - a potion of magic
 p - 2 potions of stabbing
 q - a potion of ambrosia
 u - a potion of cancellation
 x - a potion of berserk rage
Books
 A - a manual of Maces & Flails


   Skills:
 + Level 3.2 Fighting
 + Level 8.1 Short Blades
 + Level 8.3 Dodging
 * Level 12.4 Stealth
 - Level 4.0 Shields
 + Level 4.3 Spellcasting
 * Level 11.5 Hexes
 * Level 0.2 Ice Magic
 - Level 3.0 Invocations
 - Level 3.0 Evocations


You had 12 spell levels left.
You knew the following spells:

 Your Spells              Type           Power        Failure   Level
a - Corona                Hex            ####...      1%          1
b - Ensorcelled Hibernat  Hex/Ice        ###...       3%          2
c - Confusing Touch       Hex            ####....     1%          3

Your spell library contained the following spells:

 Spells                   Type           Power        Failure   Level
 Tukima's Dance           Hex            ####....     1%          3
 Dazzling Flash           Conj/Hex       ###...       7%          3
 Freeze                   Ice            #...         22%         1
 Animate Skeleton         Necr           #.....       24%         1
 Apportation              Tloc           #.....       24%         1
 Summon Small Mammal      Summ           #...         24%         1
 Frozen Ramparts          Ice            #.....       54%         3
 Ozocubu's Armour         Ice            #.......     54%         3
 Hailstorm                Conj/Ice       #.......     93%         4
 Summon Ice Beast         Ice/Summ       #.......     93%         4


Dungeon Overview and Level Annotations

Branches:
Dungeon (9/15)             Temple (1/1) D:4            Lair (0/6) D:8
  Sewer (visited)
    Orc: D:9-12

Altars:
Ashenzari
Cheibriados
Dithmenos
Elyvilon
Fedhas
Gozag
Hepliaklqana
Kikubaaqudgha
Makhleb
Nemelex Xobeh
Okawaru
Qazlal
Ru
Sif Muna
Trog
Uskayaw
Vehumet
Wu Jian
Xom
Yredelemnul
Zin
The Shining One

Shops:
D:8 *

Annotations:
D:1 exclusion: downstairs


Innate Abilities, Weirdness & Mutations

You are very small and have problems with some larger weapons.
You are too small for most types of armour.
You have supernaturally acute eyesight. (SInv)
You cover ground extremely quickly.


Message History

Dithmenos accepts your kill.
A redback comes into view.
The helpless yak fails to defend itself.
You skewer the yak like a kebab!!!! You freeze the yak!
You kill the yak!
Dithmenos accepts your kill.
You barely miss the redback.
Your shadow hits the redback but does no damage.
You block the redback's attack.
You hit the redback. You freeze the redback.
The redback is lightly wounded.
You block the redback's attack.
A redback is nearby!
Casting: Confusing Touch (safe; 1% risk of failure)
Confirm with . or Enter, or press ? or * to list all spells.
Aiming: Ensorcelled Hibernation (safe; 3% risk of failure)
Press: ? - help, Shift-Dir - straight line, f - redback
Aim: a redback (lightly wounded, umbra, chance to defeat MR: 49%)
The redback resists with some effort.
The redback bites you.
You are poisoned.
The redback poisons you! The redback misses you.
Casting: Ensorcelled Hibernation (safe; 3% risk of failure)
Confirm with . or Enter, or press ? or * to list all spells.
Your hands begin to glow red.
You feel very sick. The redback bites you!
Unknown command.
Casting: Confusing Touch (safe; 1% risk of failure)
Confirm with . or Enter, or press ? or * to list all spells.
Aiming: Ensorcelled Hibernation (safe; 3% risk of failure)
Press: ? - help, Shift-Dir - straight line, f/p - redback
Aim: a redback (lightly wounded, chance to confuse on hit: 61%, umbra, chance to defeat MR: 49%)
The redback looks drowsy...
You feel very sick.
You are too injured to fight recklessly!
The helpless redback fails to defend itself.
You hit the redback but do no damage.
The redback is lightly wounded.
You feel sick. The redback bites you!
You are more poisoned.
The redback poisons you!
* * * LOW HITPOINT WARNING * * *
You feel very sick.
* * * LOW HITPOINT WARNING * * *
You feel very sick.
* * * LOW HITPOINT WARNING * * *
You feel very sick.
Okay, then.
You feel much better.
You feel very sick. The redback bites you.
You feel very sick.
Casting: Ensorcelled Hibernation (safe; 3% risk of failure)
Confirm with . or Enter, or press ? or * to list all spells.
Aiming: Ensorcelled Hibernation (safe; 3% risk of failure)
Press: ? - help, Shift-Dir - straight line, f - you, p - redback That would be overly suicidal.
Okay, then.
Unknown command.
Casting: Ensorcelled Hibernation (safe; 3% risk of failure)
Confirm with . or Enter, or press ? or * to list all spells.
Press: ? - help, Shift-Dir - straight line, f - redback
Aim: a redback (lightly wounded, chance to confuse on hit: 61%, umbra, not susceptible)
The redback is unaffected.
Your shadow mimicks your spell!
The redback is unaffected.
* * * LOW HITPOINT WARNING * * *
You feel very sick. The redback bites you.
* * * LOW HITPOINT WARNING * * *
* * * LOW HITPOINT WARNING * * *
You feel very sick.
You feel much better.
You feel very sick.
The redback bites you but does no damage.
The redback bites you.
You feel sick.
Your magical effects are unravelling.
You feel magically purged.
Your hands stop glowing.
* * * LOW HITPOINT WARNING * * *
You feel very sick. You block the redback's attack.
* * * LOW HITPOINT WARNING * * *
You feel sick.
* * * LOW HITPOINT WARNING * * *
You feel sick.
* * * LOW HITPOINT WARNING * * *
You feel sick.
* * * LOW HITPOINT WARNING * * *
You feel sick.
* * * LOW HITPOINT WARNING * * *
You feel sick.
* * * LOW HITPOINT WARNING * * *
You feel sick.
Okay, then.
* * * LOW HITPOINT WARNING * * *
You feel sick.
You feel protected.
You die...

#. #†# #.# #.# ###.#
#.##.#.# ##.#.#
#.##.#.####.#.#.##
#.##.#......#†#.#.
###.##.#.....####.#.
#...##.#........#.#.
#...##.#........###.
#..@##.....###### ##
#...s......# #
#...####...##### #
###............# #
#............# #
+............# #
#.....#......# #
#...........######
....#..............


You could see a redback.

Vanquished Creatures
  A two-headed ogre (D:9)
  A tengu warrior (D:9)
  An unseen horror (D:9)
  Pikel (D:3)
  A freezing wraith (D:9)
  The ghost of Ferkelamun the Cutter, an amateur PaFi (D:4)
  A troll (D:9)
  2 hippogriffs (D:8)
  A yak (D:9)
  Menkaure (D:6)
  Edmund (D:6)
  An acid dragon (D:9)
  2 water moccasins
  2 ice beasts (D:8)
  An orc warrior (D:6)
  2 black bears
  2 phantoms
  An eye of draining (D:8)
  4 sky beasts
  A necrophage (D:8)
  An ogre (D:6)
  2 centaurs
  2 big kobolds
  9 bullfrogs
  A gnoll sergeant (D:7)
  4 scorpions
  15 killer bees
  A wight (D:6)
  A howler monkey (D:9)
  2 bullfrog zombies
  A centaur zombie (D:9)
  2 quasits
  3 orc priests
  5 hounds
  2 jellies (D:8)
  A bullfrog skeleton (D:8)
  Crazy Yiuf (D:6)
  10 orc wizards
  Jessica (D:3)
  4 iguanas
  Natasha (twice) (D:2)
  10 worker ants
  A bullfrog simulacrum (D:9)
  A hound zombie (D:5)
  A worker ant zombie (D:7)
  Robin (D:2)
  8 gnolls
  3 howler monkey skeletons
  12 adders
  2 shadow imps
  2 ufetubi (D:7)
  3 oozes (Sewer)
  An adder zombie (D:7)
  5 worms
  3 dart slugs
  7 leopard geckos
  37 orcs
  7 giant cockroaches
  13 goblins
  7 hobgoblins
  17 jackals
  13 kobolds
  6 quokkas
  2 ball pythons
  13 bats
  9 frilled lizards
  2 leopard gecko skeletons (D:4)
  5 rats
289 creatures vanquished.

Vanquished Creatures (others)
  A plant (D:5)
1 creature vanquished.

Grand Total: 290 creatures vanquished

Notes
Turn   | Place    | Note
-------+----------+-------------------------------------------
     0 | D:1      | Ozzies the Spriggan Enchanter began the quest for the Orb.
     0 | D:1      | Reached XP level 1. HP: 9/9 MP: 5/5
    32 | D:1      | Reached skill level 5 in Stealth
    32 | D:1      | Reached XP level 2. HP: 13/13 MP: 6/6
   331 | D:1      | Reached skill level 6 in Stealth
   776 | D:2      | Reached XP level 3. HP: 16/16 MP: 8/8
  1459 | D:2      | Noticed Natasha
  1620 | D:1      | Learned a level 2 spell: Ensorcelled Hibernation
  1624 | D:1      | Learned a level 3 spell: Confusing Touch
  1745 | D:2      | Noticed Robin
  2888 | D:2      | Killed Natasha
  2888 | D:2      | Reached XP level 4. HP: 18/21 MP: 4/9
  2993 | D:2      | Killed Robin
  3227 | D:2      | You fall into a shaft and drop 2 floors!
  3227 | D:4      | Found a staircase to the Ecumenical Temple.
  3233 | Temple   | Entered the Ecumenical Temple
  3277 | Temple   | Became a worshipper of Dithmenos the Shadowed
  3301 | D:4      | Reached skill level 1 in Fighting
  3301 | D:4      | Reached XP level 5. HP: 25/25 MP: 7/10
  3313 | D:4      | Reached skill level 7 in Stealth
  3916 | D:3      | Found a hide-covered altar of Uskayaw.
  3917 | D:3      | Found an ancient bone altar of Kikubaaqudgha.
  3917 | D:3      | Found a shimmering blue altar of Sif Muna.
  3917 | D:3      | Found a sacrificial altar of Ru.
  3995 | D:3      | Found a radiant altar of Vehumet.
  4000 | D:3      | Found a shimmering altar of Xom.
  4049 | D:3      | Noticed Jessica
  4061 | D:3      | Killed Jessica
  4270 | D:2      | Noticed Natasha
  4273 | D:2      | Killed Natasha
  4273 | D:2      | Reached skill level 1 in Shields
  4401 | D:3      | Reached skill level 5 in Hexes
  4796 | D:3      | Reached XP level 6. HP: 20/30 MP: 2/11
  4944 | D:3      | Reached * piety under Dithmenos
  5167 | D:4      | Noticed Pikel
  5506 | D:3      | Killed Pikel
  5506 | D:3      | Reached skill level 8 in Stealth
  5506 | D:3      | Reached XP level 7. HP: 22/33 MP: 6/12
  6046 | D:4      | Found a large runed translucent door.
  6046 | D:4      | Found a large runed translucent door.
  6046 | D:4      | Noticed Ferkelamun's ghost (amateur PaFi)
  6948 | D:5      | Entered Level 5 of the Dungeon
  7119 | D:5      | Found a glowing silver altar of Zin.
  7250 | D:5      | Reached XP level 8. HP: 37/37 MP: 15/15
  8101 | D:5      | Found a broken altar of Ashenzari.
  8231 | D:5      | Got an ichor-stained robe
  8241 | D:5      | Identified the cursed +1 robe "Naikac" {+Fly rC+} (You
                  | found it on level 5 of the Dungeon)
  8307 | D:4      | Killed Ferkelamun's ghost
  8307 | D:4      | Reached skill level 5 in Dodging
  8394 | D:6      | Found a glowing drain.
  8396 | D:6      | Noticed Edmund
  8431 | D:6      | Killed Edmund
  8543 | Sewer    | Entered a sewer
  8547 | Sewer    | Reached ** piety under Dithmenos
  9847 | D:6      | Noticed Menkaure
  9853 | D:6      | Killed Menkaure
  9853 | D:6      | Reached XP level 9. HP: 44/44 MP: 16/16
  9873 | D:6      | Found a basalt altar of Yredelemnul.
  9875 | D:6      | Reached skill level 5 in Short Blades
 10463 | D:6      | Reached skill level 1 in Evocations
 10605 | D:6      | Reached skill level 1 in Invocations
 10755 | D:6      | Found a runed translucent door.
 10756 | D:6      | Noticed Crazy Yiuf
 11535 | D:6      | Killed Crazy Yiuf
 11684 | D:7      | Reached skill level 9 in Stealth
 11829 | D:7      | Reached *** piety under Dithmenos
 13362 | D:8      | You fall into a shaft and drop 1 floor!
 13461 | D:9      | Noticed an unseen horror
 13465 | D:9      | Killed an unseen horror
 13465 | D:9      | Reached skill level 10 in Stealth
 13465 | D:9      | Reached XP level 10. HP: 49/49 MP: 17/17
 13677 | D:9      | Noticed a two-headed ogre
 13706 | D:9      | Killed a two-headed ogre
 13706 | D:9      | Reached skill level 11 in Stealth
 13706 | D:9      | Reached skill level 10 in Hexes
 14014 | D:9      | Noticed a tengu warrior
 14018 | D:9      | Killed a tengu warrior
 14170 | D:8      | Reached skill level 12 in Stealth
 14339 | D:8      | Reached **** piety under Dithmenos
 14667 | D:8      | Found Ukkuk's Serpentskin Sales.
 14691 | D:8      | Found a staircase to the Lair.
 14766 | D:8      | Reached XP level 11. HP: 48/51 MP: 11/18
 15586 | D:9      | Found a bloodstained altar of Trog.
 15652 | D:9      | Got a smoking amber ring
 15653 | D:9      | Identified the cursed ring "Bikh" {rC+ rN+ Str+4 Int-4
                  | Dex-2} (You found it on level 9 of the Dungeon)
 15873 | D:9      | HP: 2/52 [poisoned by a redback]
 15874 | D:9      | Succumbed to a redback's poison

Illustrated notes

Levels and vault maps discovered:
D:1:      nzn_arrival_depleted_hourglass, layout_loops_ring, minmay_pentomino_r4
D:2:      layout_rooms, uniq_natasha, uniq_robin
D:3:      layout_basic, minmay_overflow_temple_hex, uniq_jessica
D:4:      layout_basic, minmay_temple_entry_large_hall,
          ebering_ghost_disaster_area, uniq_pikel
D:5:      layout_gridville, overflow_temple_1_default, ashenzari_altar_1,
          saegor_snake_ambush
D:6:      layout_layer_cave, cheibrodos_sewer_entry_sluice, basic_altar,
          minmay_manual_mail, uniq_crazy_yiuf_cottage, uniq_edmund,
          uniq_menkaure
D:7:      layout_rooms, minmay_starry_boxes
D:8:      layout_loops_ring, dpeg_oklobed_lair, guppyfry_shop_venom
D:9:      minmay_chopped_fan, layout_basic, overflow_temple_1_default
Temple:   nicolae_temple_god_jail

Skill      XL: |  1  2  3  4  5  6  7  8  9 10 |
---------------+-------------------------------+-----
Stealth        | 5 6 7 8 10 12 | 12.4
Spellcasting   | 3 4 |  4.3
Hexes          | 4 5 7 9 11 | 11.5
Fighting       | 1 3 |  3.2
Short Blades   | 2 3 4 6 8 |  8.1
Shields        | 1 4 |  4.0
Dodging        | 5 7 8 |  8.3
Evocations     | 3 |  3.0
Invocations    | 2 3 |  3.0
Ice Magic      | |  0.2

Action                   |  1- 3 |  4- 6 |  7- 9 | 10-12 || total
-------------------------+-------+-------+-------+-------++-------
Melee: Dagger            |   154 |   311 |   791 |   362 ||  1618
 Cast: Ensorcelled Hiber |    10 |    21 |   110 |    22 ||   163
       Corona            |     2 |     3 |     4 |     4 ||    13
       Confusing Touch   |       |     2 |     9 |     8 ||    19
Invok: Shadow Step       |       |       |     1 |       ||     1
 Abil: Evoke Flight      |       |       |     3 |       ||     3
  Use: Scroll            |     2 |     2 |    12 |       ||    16
       Potion            |       |       |       |     4 ||     4
 Stab: Sleeping          |    12 |    14 |    94 |    39 ||   159
       Confused          |       |     3 |    11 |    10 ||    24
       Distracted        |       |     1 |       |       ||     1
Armor: Robe              |    28 |    56 |    74 |    24 ||   182
Dodge: Dodged            |   150 |   228 |   547 |   165 ||  1090
Block: Buckler           |     5 |    86 |   168 |   101 ||   360

Table legend: (Time is in decaauts)
 A = Elapsed time spent in this place.
 B = Non-inter-level travel time spent in this place.
 C = Inter-level travel time spent in this place.
 D = Time resting spent in this place.
 E = Time spent auto-exploring this place.
 F = Levels seen in this place.
 G = Mean time per level.
                   A        B        C        D        E       F      G
               +--------+--------+--------+--------+--------+-----+--------+
         Total |  13124 |  12790 |    334 |   4724 |   5239 |  11 | 1193.1 |
       Dungeon |  12101 |  11781 |    320 |   4277 |   4940 |   9 | 1344.6 |
        Temple |     40 |     27 |     13 |      0 |     25 |   1 |   40.0 |
         Sewer |    982 |    982 |      0 |    447 |    273 |   1 |  982.0 |
               +--------+--------+--------+--------+--------+-----+--------+

Top non-repeatable levels by time:
     D:6: 1789 daAuts
     D:3: 1757 daAuts
     D:1: 1674 daAuts
     D:2: 1376 daAuts
     D:7: 1346 daAuts
     D:9: 1210 daAuts
     D:5: 1127 daAuts
     D:4: 1035 daAuts
   Sewer: 982 daAuts
     D:8: 783 daAuts
  Temple: 40 daAuts
